Map: Ley Lines

Players

kitune - Winner!

  • Race: Zerg Zerg
  • Spawn Location: 1:00

ABN

  • Race: Terran Terran
  • League: Diamond
  • Spawn Location: 7:00

VOD

Have the link to the VOD?

Description

Time

  • Played on: May 14, 2025, 8:26 a.m.
  • Length: 7:15
Show
View Real Time Build Order
Export as new Build Order

kitune Zerg - Winner!

Build Orders: Pool First 

Get SALT Encoding   

  12  0:01  Drone  
  13  0:13  Overlord  
  13  0:18  Drone  
  14  0:31  Drone  
  14  0:32  Drone  
  16  0:41  Spawning Pool  
  15  0:45  Drone  
  15  0:49  Drone  
  17  1:10  Hatchery  
  16  1:12  Drone  
  16  1:16  Extractor  
  16  1:28  Zergling x4  
  16  1:29  Zergling x2  
  19  1:36  Queen  
  21  1:41  Drone  
  22  1:52  Overlord  
  22  2:11  Drone, Queen  
  22  2:13  Drone  
  26  2:33  Metabolic Boost  
  26  2:35  Drone  
  26  2:36  Drone x3  
  30  2:56  Drone  
  30  2:57  Drone x4  
  35  2:59  Lair  
  35  3:06  Extractor  
  35  3:07  Overlord  
  34  3:13  Queen  
  35  3:37  Drone x7  
  35  3:38  Drone  
  43  3:42  Overlord  
  43  3:51  Overlord  
  43  3:52  Overlord  
  43  3:59  Spire  
  42  4:09  Overlord  
  42  4:10  Extractor x2  
  42  4:11  Drone x2  
  42  4:25  Drone  
  42  4:26  Drone x5  
  48  4:32  Baneling Nest  
  47  4:39  Drone x2  
  47  4:41  Drone x2  
  51  4:48  Drone  
  51  4:50  Overlord  
  52  5:10  Mutalisk x2  
  52  5:11  Mutalisk x2  
  52  5:14  Mutalisk  
  60  5:19  Zergling x2  
  60  5:20  Zergling x6  
  66  5:25  Centrifugal Hooks  
  66  5:31  Mutalisk  
  66  5:34  Zergling x2  
  66  5:35  Zergling x10  
  74  5:40  Hatchery  
  73  5:49  Mutalisk x2  
  77  5:52  Zergling x2  
  75  6:17  Zergling x2  
  75  6:18  Zergling x14  
  59  6:34  Zergling x8  
  63  6:40  Zergling x2  
  63  6:41  Zergling x2  
  63  6:43  Baneling x3  
  63  6:44  Baneling x6  
Show
View Real Time Build Order
Export as new Build Order

ABN Terran 

Build Orders:  

Get SALT Encoding   

  12  0:00  SCV  
  13  0:12  SCV  
  14  0:17  Supply Depot  
  14  0:24  SCV  
  15  0:38  SCV  
  15  0:40  Barracks  
  16  0:47  Refinery  
  16  0:50  SCV  
  17  1:03  SCV  
  18  1:15  SCV  
  19  1:31  Supply Depot, Reaper  
  20  1:33  Orbital Command  
  20  1:40  Refinery  
  20  2:00  Barracks  
  20  2:08  SCV  
  21  2:13  Marine  
  22  2:18  Factory  
  22  2:31  Marine, Command Center  
  22  2:34  SCV  
  24  2:46  SCV  
  25  2:54  Barracks Tech Lab  
  25  2:58  SCV  
  25  3:03  Starport  
  25  3:05  Factory Reactor  
  26  3:08  Marine  
  26  3:12  Supply Depot  
  27  3:17  SCV  
  28  3:25  Stimpack  
  28  3:28  Marauder  
  28  3:29  SCV  
  28  3:34  Marine  
  32  3:42  Bunker  
  32  3:56  Factory Tech Lab  
  32  3:59  Marine  
  32  4:01  Marauder  
  35  4:05  Medivac  
  35  4:09  Medivac  
  39  4:15  SCV  
  40  4:17  Marine  
  40  4:22  Marine, Orbital Command  
  42  4:29  Siege Tank  
  45  4:41  Barracks  
  45  4:45  SCV  
  46  4:51  SCV  
  47  4:56  Marine, Marauder  
  47  4:57  SCV  
  47  4:59  Supply Depot  
  51  5:01  Siege Tank  
  54  5:21  Combat Shield, SCV x2  
  56  5:23  Barracks Reactor, Marauder  
  58  5:36  SCV  
  58  5:37  SCV  
  60  5:46  Marauder  
  60  5:49  Barracks Reactor  
  59  6:04  Engineering Bay, SCV x2  
  59  6:07  Marine  
  59  6:12  Marine  
  59  6:13  Marine  
  59  6:16  SCV x2  
  55  6:24  Marine  
  55  6:25  Marine x2  
  51  6:28  SCV  
  51  6:30  Marine x2  
  46  6:42  Marine  
  46  6:43  Marine x2  
  42  6:48  Marine  
  42  6:50  Marine  
Tags
 
League
Diamond
Matchup
TvZ
Opening
Pool First
Spawn Locations
Cross Positions
Add a new tag
Caveats
  • Supply blocks, unpowered buildings, or Contaminate may cause inaccurate times.
  • Supply counts are checked every 10 seconds.